 Dungeon Crawl Stone Soup version 0.28.0-49-g6dfe1f597d (webtiles) character file.

Game seed: 12666203029649411640

4169 Gabide the Cleaver (level 10, 0/76 HPs)
             Began as a Human Monk on May 12, 2022.
             Was a Priest of Sif Muna.
             Slain by a wolf (8 damage)
             ... on level 9 of the Dungeon.
             The game lasted 00:14:00 (8621 turns).

Gabide the Cleaver (Human Monk)                     Turns: 8621, Time: 00:14:01

Health: 0/76       AC: 22    Str: 20    XL:     10   Next: 53%
Magic:  15/15      EV: 12    Int: 17    God:    Sif Muna [***...]
Gold:   287        SH:  0    Dex: 15    Spells: 15/15 levels left

rFire   + . .      SeeInvis .   b - +9 battleaxe of Flawed Execution {freeze, Int+2}
rCold   . . .      Faith    .   (shield currently unavailable)
rNeg    . . .      Spirit   .   v - +9 scale mail "Earthly Heaven" {rF+ Str+4 Int+4 Stlth+}
rPois   .          Reflect  .   c - +0 helmet
rElec   .          Harm     .   x - +0 cloak
rCorr   .          Rampage  .   (no gloves)
Will    +....                   t - +2 pair of boots
Stlth   ++........              q - amulet of magic regeneration
HPRegen 0.22/turn               j - ring of willpower
MPRegen 0.54/turn               (no ring)

@: no status effects
A: no striking features
a: Renounce Religion, Channel Magic, Forget Spell


You were on level 9 of the Dungeon.
You worshipped Sif Muna.
Sif Muna was most pleased with you.
You visited 2 branches of the dungeon, and saw 10 of its levels.

You collected 513 gold pieces.
You spent 226 gold pieces at shops.

Inventory:

Hand Weapons
 a - a +0 spear
 b - the +9 battleaxe of Flawed Execution (weapon) {freeze, Int+2}
   (You acquired it on level 3 of the Dungeon)

   It freezes those it strikes, dealing additional cold damage.
   It can also slow down cold-blooded creatures.
   Int:       It affects your intelligence (+2).
Armour
 c - a +0 helmet (worn)
 t - a +2 pair of boots (worn)
 v - the +9 scale mail "Earthly Heaven" (worn) {rF+ Str+4 Int+4 Stlth+}
   (You found it on level 6 of the Dungeon)

   Str:       It affects your strength (+4).
   Int:       It affects your intelligence (+4).
   rF:        It protects you from fire.
   Stlth:     It makes you more stealthy.
 x - a +0 cloak (worn)
Jewellery
 j - a ring of willpower (left hand)
 q - an amulet of magic regeneration (around neck)
Wands
 B - a wand of iceblast (10)
Scrolls
 d - a scroll of summoning
 e - a scroll of fear {unknown}
 f - 2 scrolls of teleportation
 i - 3 scrolls of enchant weapon {unknown}
 l - 2 scrolls of magic mapping
 m - a scroll of torment
 o - a scroll of immolation
 u - a scroll of blinking
 y - 2 scrolls of identify
 A - a scroll of noise {unknown}
Potions
 g - a potion of berserk rage {unknown}
 h - 2 potions of curing
 k - 3 potions of attraction
 n - a potion of invisibility
 p - a potion of might
 r - 3 potions of flight {unknown}
 s - 2 potions of cancellation
 w - 4 potions of brilliance
 z - a potion of mutation {unknown}


   Skills:
 + Level 5.9 Fighting
 + Level 8.2(8.7) Axes
 - Level 4.2(6.7) Polearms
 + Level 5.9 Armour
 + Level 5.9 Dodging
 - Level 2.0 Stealth
 + Level 3.3 Spellcasting
 * Level 5.9 Invocations


You had 15 spell levels left.
You didn't know any spells.
Your spell library contained the following spells:

 Spells                   Type           Power      Damage    Failure   Level
 Beastly Appendage        Tmut           4%         N/A       41%         1
 Foxfire                  Conj/Fire      8%         2x1d4     41%         1
 Sandblast                Erth           4%         2d4       41%         1
 Ensorcelled Hibernation  Hex/Ice        4%         N/A       54%         2
 Passwall                 Tmut/Erth      1%         N/A       54%         2
 Static Discharge         Conj/Air       2%         N/A       54%         2
 Wereblood                Tmut           2%         N/A       54%         2
 Conjure Flame            Conj/Fire      2%         6-21      78%         3
 Ozocubu's Armour         Ice            2%         N/A       78%         3
 Spider Form              Tmut/Pois      2%         N/A       78%         3
 Stone Arrow              Conj/Erth      4%         3d7       78%         3
 Swiftness                Air            2%         N/A       78%         3
 Lightning Bolt           Conj/Air       1%         1d12      100%        5
 Starburst                Conj/Fire      1%         6d3       100%        6
 Ozocubu's Refrigeration  Ice            1%         4d5       100%        7
 Maxwell's Capacitive Co  Air            1%         ∞         100%        8
 Shatter                  Erth           1%         3d5*      100%        9


Dungeon Overview and Level Annotations

Branches:
Dungeon (9/15)             Temple (1/1) D:5
   Lair: D:8-11         Orc: D:9-12

Altars:
Cheibriados
Dithmenos
Elyvilon
Fedhas
Gozag
Hepliaklqana
Kikubaaqudgha
Makhleb
Nemelex Xobeh
Okawaru
Qazlal
Ru
Sif Muna
Trog
Uskayaw
Vehumet
Wu Jian
Xom
Yredelemnul
Zin
The Shining One

Shops:
D:5 *


Message History

a +0 troll leather armour; a troll corpse; a troll corpse You slice the electric eel!!
You freeze the electric eel.
You kill the electric eel!
Sif Muna accepts your kill.
You hear a bark!
You hear a howl!
You hear a bark!
A hound comes into view.
A hound comes into view.
The hound bites you but does no damage.
The hound barks!
You hit the wolf. You freeze the wolf.
The wolf is moderately wounded.
You hear a howl!
The wolf misses you.
You hit the wolf. You freeze the wolf.
The wolf is severely wounded.
The wolf barely misses you. The wolf bites you but does no damage.
You closely miss the wolf.
The wolf is severely wounded.
The wolf bites you.
* * * LOW HITPOINT WARNING * * *
A hound comes into view.
The wolf barely misses you.
A wolf comes into view.
You barely miss the wolf.
The wolf is severely wounded.
The wolf bites you but does no damage. The wolf misses you.
The wolf bites you but does no damage.
You barely miss the wolf.
The wolf is severely wounded.
The wolf bites you.
* * * LOW HITPOINT WARNING * * *
The wolf bites you but does no damage.
Okay, then.
You barely miss the wolf.
The wolf is severely wounded.
The hound barks!
The wolf bites you!
* * * LOW HITPOINT WARNING * * *
The wolf bites you!
You die...

.≈≈≈.≈≈≈≈≈....
≈≈≈≈.≈≈≈≈≈..#
≈≈≈≈.≈.≈≈≈..###
≈≈≈≈.≈.≈≈......
..≈≈.≈.≈hh..#
.......[h...#
..(..?.hhh..#
########h####
#@# #.#
#.######
#......#
##.###.#####
...# #..#..
##..###..#.#
#.......#.#
#.#####...#


You could see 2 wolves and 5 hounds.

Vanquished Creatures
  Erica (D:8)
  Maggie (D:7)
  2 trolls (D:9)
  Sigmund (D:4)
  2 orc warriors (D:7)
  A black bear (D:4)
  4 necrophages
  An ogre (D:5)
  A centaur (D:8)
  A kobold brigand (D:8)
  4 bullfrogs
  A scorpion (D:4)
  A water moccasin skeleton (D:7)
  4 killer bees (D:7)
  An electric eel (D:9)
  4 wights (D:8)
  5 howler monkeys (D:7)
  A centaur zombie (D:5)
  A bullfrog zombie (D:5)
  2 hounds
  5 jellies
  Crazy Yiuf (D:7)
  An orc priest (D:6)
  A gnoll shaman (D:6)
  A bullfrog skeleton (D:4)
  An iguana (D:5)
  An orc wizard (D:7)
  2 killer bee zombies
  Robin (D:4)
  7 gnolls
  12 adders
  2 shadow imps
  A worm (D:4)
  4 dart slugs
  16 orcs
  9 bats
  7 endoplasms
  2 giant cockroaches
  12 goblins
  7 hobgoblins
  A jackal (D:4)
  A quokka (D:4)
  5 ball pythons
  2 frilled lizards (D:1)
  12 kobolds
  4 rats
157 creatures vanquished.

Vanquished Creatures (collateral kills)
  A sky beast (D:8)
  A gnoll sergeant (D:8)
  A goblin (D:3)
3 creatures vanquished.

Vanquished Creatures (others)
  A gnoll (D:8)
1 creature vanquished.

Grand Total: 161 creatures vanquished

Notes
Turn   | Place    | Note
-------+----------+-------------------------------------------
     0 | D:1      | Gabide the Human Monk began the quest for the Orb.
     0 | D:1      | Reached XP level 1. HP: 18/18 MP: 1/1
   124 | D:1      | Reached XP level 2. HP: 24/24 MP: 2/2
   347 | D:1      | Found a faded altar of an unknown god.
   605 | D:2      | Reached skill level 1 in Armour
   605 | D:2      | Reached XP level 3. HP: 27/29 MP: 3/3
   963 | D:2      | You fall into a shaft and drop 1 floor!
   972 | D:3      | Reached XP level 4. HP: 35/35 MP: 4/4
  1715 | D:2      | Got the Volume of the Arsonist and Earth
  2215 | D:3      | Found a white marble altar of Elyvilon.
  2338 | D:3      | Found a shimmering altar of Xom.
  2460 | D:4      | Noticed Robin
  2922 | D:3      | Reached XP level 5. HP: 26/41 MP: 5/5
  2928 | D:3      | Identified a scroll of acquirement
  2928 | D:3      | Acquired the +9 battleaxe of Flawed Execution {freeze,
                  | Int+2}
  3191 | D:4      | Killed Robin
  3226 | D:4      | Reached skill level 1 in Axes
  3280 | D:4      | Reached skill level 2 in Axes
  3433 | D:4      | Noticed Sigmund
  3443 | D:4      | Killed Sigmund
  3444 | D:4      | Reached skill level 4 in Axes
  3444 | D:4      | Reached XP level 6. HP: 33/47 MP: 6/6
  3559 | D:4      | Noticed a black bear
  3564 | D:4      | Killed a black bear
  3565 | D:4      | Reached skill level 5 in Axes
  3565 | D:4      | Reached XP level 7. HP: 24/52 MP: 7/7
  4030 | D:4      | Reached skill level 6 in Axes
  4646 | D:5      | Entered Level 5 of the Dungeon
  4652 | D:5      | Reached XP level 8. HP: 55/58 MP: 8/8
  4981 | D:5      | Found a staircase to the Ecumenical Temple.
  5005 | Temple   | Entered the Ecumenical Temple
  5013 | Temple   | Became a worshipper of Sif Muna the Loreminder
  5013 | Temple   | Reached * piety under Sif Muna
  5013 | Temple   | Reached ** piety under Sif Muna
  5191 | D:5      | Found Jacijurph's Assorted Antiques.
  5255 | D:5      | Bought 2 viscous brown potions for 64 gold pieces
  5255 | D:5      | Bought a pair of boots for 162 gold pieces
  6243 | D:6      | Identified the +9 scale mail "Earthly Heaven" {rF+ Str+4
                  | Int+4 Stlth+}
  6269 | D:6      | Reached skill level 7 in Axes
  6571 | D:7      | Reached skill level 1 in Invocations
  6571 | D:7      | Reached XP level 9. HP: 50/66 MP: 9/9
  6763 | D:7      | Noticed Maggie
  6770 | D:7      | Reached skill level 1 in Spellcasting
  6776 | D:7      | Killed Maggie
  6784 | D:7      | Reached skill level 5 in Fighting
  6784 | D:7      | Reached skill level 5 in Dodging
  6945 | D:7      | Noticed a +0 hand axe
  6953 | D:7      | Reached skill level 5 in Armour
  7307 | D:7      | Noticed a +0 hand axe
  7309 | D:7      | Found a hide-covered altar of Uskayaw.
  7411 | D:7      | Found a faded altar of an unknown god.
  7411 | D:7      | Found a faded altar of an unknown god.
  7413 | D:7      | Found a hazy altar of Hepliaklqana.
  7437 | D:7      | Found a runed translucent door.
  7438 | D:7      | Noticed Crazy Yiuf
  7478 | D:7      | Killed Crazy Yiuf
  7639 | D:8      | Reached *** piety under Sif Muna
  7645 | D:8      | Noticed Erica
  7672 | D:8      | Killed Erica
  7673 | D:8      | Reached skill level 5 in Invocations
  7673 | D:8      | Reached XP level 10. HP: 32/75 MP: 12/14
  7873 | D:8      | Reached skill level 8 in Axes
  8026 | D:8      | Found an ancient bone altar of Kikubaaqudgha.
  8106 | D:8      | Found a radiant altar of Vehumet.
  8262 | D:8      | Found an opulent altar of Gozag.
  8621 | D:9      | Slain by a wolf

Illustrated notes

Levels and vault maps discovered:
D:1:      ncdulo_lavacross, layout_rooms, basic_ecumenical_altar, serial_forest,
          infiniplex_forest_straight_1, infiniplex_forest_straight_3,
          infiniplex_forest_clump_large, infiniplex_forest_corner_2,
          infiniplex_forest_corner_1, infiniplex_forest_clump_small,
          infiniplex_forest_straight_3
D:2:      layout_rooms
D:3:      layout_basic, elyvilon_altar_1, mainiacjoe_overflow_alcove_4,
          minivault_14
D:4:      minmay_recursive_quarters, layout_basic, uniq_robin, uniq_sigmund
D:5:      nicolae_BIG_FREAKIN_CUBE, layout_basic,
          minmay_temple_entry_glassed_door, nicolae_inconvenience_store
D:6:      layout_loops_ring
D:7:      layout_basic, dancing_weapons_uskayaw,
          nicolae_hepliaklqana_ecumenical_no_more, uniq_maggie,
          uniq_crazy_yiuf_cottage
D:8:      layout_basic, mainiacjoe_overflow_six_doors_small,
          nicolae_gozag_cash_rules_everything_around_me,
          kiku_gazebo_pond_becter, uniq_erica
D:9:      layout_loops_ring, erik_lair_island, ebering_ghost_funeral_grove,
          dk_vineyard_3, sword_in_stone
Temple:   eino_temple_lava

Skill      XL: |  1  2  3  4  5  6  7  8  9 10 |
---------------+-------------------------------+-----
Armour         | 1 2 3 4 5 |  5.9
Polearms       | 4 |  4.2
Axes           | 4 5 6 7 8 |  8.2
Dodging        | 4 5 |  5.9
Fighting       | 4 5 |  5.9
Invocations    | 1 5 |  5.9
Spellcasting   | 2 3 |  3.3
Stealth        | |  2.0

Action                   |  1- 3 |  4- 6 |  7- 9 | 10-12 || total
-------------------------+-------+-------+-------+-------++-------
Melee: Spear             |    93 |   107 |       |       ||   200
       Punch             |     1 |     2 |       |       ||     3
       Battleaxe         |       |    31 |   171 |    43 ||   245
  Use: Scroll            |       |     6 |    12 |       ||    18
       Potion            |       |     4 |     3 |       ||     7
 Stab: Sleeping          |     5 |     3 |     5 |     1 ||    14
       Distracted        |       |       |     1 |       ||     1
Armor: Robe              |     9 |       |       |       ||     9
       Leather armour    |     9 |    27 |    10 |       ||    46
       Chain mail        |       |       |    25 |       ||    25
       Scale mail        |       |       |   107 |    45 ||   152
Dodge: Dodged            |    50 |   136 |   115 |    32 ||   333
